 Dungeon Crawl Stone Soup version 0.30.1-3-gfc49f6343a (webtiles) character file.

Game seed: 18076741640378092937

51 LynnLen the Sneak (level 3, 0/16 HPs)
             Began as a Spriggan Enchanter on July 28, 2023.
             Slain by a cerulean imp
             ... wielding a +1 spear
             ... summoned by Natasha
              (4 damage)
             ... on level 2 of the Dungeon.
             The game lasted 00:04:24 (1077 turns).

LynnLen the Sneak (Spriggan Enchanter)              Turns: 1077, Time: 00:04:25

Health: 0/16       AC:  2    Str:  4    XL:     3   Next: 58%
Magic:  1/8        EV: 17    Int: 18    God:
Gold:   138        SH:  0    Dex: 15    Spells: 0/8 levels left

rFire   . . .        a - +1 dagger (flame)
rCold   . . .        (no shield)
rNeg    . . .        b - +0 robe
rPois   .            (helmet restricted)
rElec   .            (no cloak)
rCorr   .            (gloves unavailable)
SInv    +            (boots unavailable)
Will    .....        (no amulet)
Stlth   +++          (no ring)
HPRegen 0.22/turn    (no ring)
MPRegen 0.11/turn

%: no passive effects
@: slowed, quick
A: very small, no large weapons, unfitting armour, see invisible, speed 3
a: no special abilities


You were on level 2 of the Dungeon.
You visited 1 branch of the dungeon, and saw 2 of its levels.

You collected 138 gold pieces.

Inventory:

Hand Weapons
 a - a +1 dagger of flaming (weapon)
Armour
 b - a +0 robe (worn)
Scrolls
 f - a scroll of teleportation {unknown}
Potions
 c - 2 potions of invisibility
 i - a potion of lignification {unknown}


   Skills:
 + Level 2.0 Short Blades
 - Level 2.6 Dodging
 * Level 5.6 Stealth
 + Level 3.2 Spellcasting
 + Level 4.0 Hexes
 + Level 0.1 Ice Magic


You couldn't memorise any spells.
You knew the following spells:

 Your Spells              Type           Power      Damage    Failure   Level
a - Ensorcelled Hibernat  Hex/Ice        20%        N/A       10%         2
b - Confusing Touch       Hex            17%        N/A       9%          3
c - Tukima's Dance        Hex            17%        N/A       9%          3

Your spell library contained the following spells:

 Spells                   Type           Power      Damage    Failure   Level
 Magic Dart               Conj           8%         1d3       16%         1
 Dazzling Flash           Conj/Hex       20%        N/A       21%         3
 Call Imp                 Summ           4%         N/A       24%         2
 Mephitic Cloud           Conj/Pois/Air  2%         N/A       43%         3


Dungeon Overview and Level Annotations

Branches:
Dungeon (2/15)

Altars:

Annotations:
D:2 Natasha


Innate Abilities, Weirdness & Mutations

You are very small and have problems with some larger weapons.
You are too small for most types of armour.
You have supernaturally acute eyesight. (SInv)
You cover ground extremely quickly. (Speed+++)


Message History

Aim: Natasha (chance to affect: 44%) Natasha resists with some effort.
The giant cockroach closely misses you.
Natasha mumbles some strange words.
The giant cockroach misses you. Natasha misses you.
You don't have enough magic to cast this spell.
You don't have enough magic to cast this spell.
Unknown command.
You hit Natasha. You burn Natasha.
Natasha is lightly wounded.
The cerulean imp misses you. The giant cockroach closely misses you.
Natasha closely misses you. The giant cockroach misses you.
The cerulean imp hits you from afar with a +1 spear.
You closely miss Natasha.
Natasha is lightly wounded.
The giant cockroach completely misses you.
Natasha stares at you and mumbles some strange words.
You feel as though you will be slow longer.
The cerulean imp hits you from afar with a +1 spear.
You closely miss Natasha.
Natasha is lightly wounded.
The giant cockroach completely misses you.
Natasha barely misses you. The cerulean imp closely misses you.
The giant cockroach bites you.
* * * LOW HITPOINT WARNING * * *
You feel better. Natasha claws you. The cerulean imp misses you.
The giant cockroach closely misses you.
Natasha casts a spell.
The cerulean imp closely misses you. The giant cockroach closely misses you.
Okay, then.
You closely miss Natasha.
Natasha is lightly wounded.
Natasha barely misses you. The giant cockroach misses you.
The cerulean imp hits you from afar with a +1 spear.
* * * LOW HITPOINT WARNING * * *
You barely miss Natasha.
Natasha is lightly wounded.
The giant cockroach barely misses you. Natasha misses you.
The cerulean imp hits you from afar with a +1 spear.
You die...

... .... ######......
............ .......# #. .......#
#.## ##.###..###..### ### ##.#
........#####..... ...#
#.#.B@h55#
#..#########..#####5.###. #####
...........?....## ...#.# ...##
##..........#....#. ...... #...
##.......B.....?.......#..####...
............#####......##......).
............##>...............>..
.........^.......................
..................... ..#........


You could see Natasha, 3 cerulean imps and a giant cockroach.

Vanquished Creatures
  An adder (D:2)
  A dart slug (D:1)
  8 bats
  3 endoplasms (D:1)
  2 giant cockroaches (D:1)
  7 goblins
  3 hobgoblins
  2 quokkas
  2 ball pythons (D:1)
  A frilled lizard (D:2)
  4 kobolds (D:1)
  5 rats
39 creatures vanquished.

Notes
Turn   | Place    | Note
-------+----------+-------------------------------------------
     0 | D:1      | LynnLen the Spriggan Enchanter began the quest for the Orb.
     0 | D:1      | Reached XP level 1. HP: 9/9 MP: 5/5
   147 | D:1      | Reached XP level 2. HP: 13/13 MP: 6/6
   178 | D:1      | Reached skill level 5 in Stealth
   499 | D:1      | Reached XP level 3. HP: 16/16 MP: 8/8
   507 | D:1      | Learned a level 2 spell: Ensorcelled Hibernation
   511 | D:1      | Learned a level 3 spell: Confusing Touch
   515 | D:1      | Learned a level 3 spell: Tukima's Dance
   996 | D:2      | Noticed Natasha
  1077 | D:2      | Slain by a cerulean imp

Illustrated notes

Levels and vault maps discovered:
D:1:      lordsloth_arrival_two_stooges, layout_loops_ring
D:2:      layout_rooms, uniq_natasha

Skill      XL: |  1  2  3 |
---------------+----------+-----
Stealth        | 5 |  5.6
Spellcasting   | 3 |  3.2
Hexes          | 4 |  4.0
Short Blades   | 2 |  2.0
Dodging        | |  2.6
Ice Magic      | |  0.1

Action                     || total
---------------------------++-------
  Melee: Dagger            ||   131
   Cast: Ensorcelled Hiber ||     5
    Use: Scroll            ||     4
         Potion            ||     1
   Stab: Sleeping          ||    10
 Armour: Robe              ||    23
  Dodge: Dodged            ||   146
